 Dungeon Crawl Stone Soup version 0.31-a0-818-ge7c7cf74f0 (webtiles) character file.

Game seed: 949283783950212224

78717 avis the Spry (level 15, -2/73 HPs)
             Began as a Felid Shapeshifter on Sept 21, 2023.
             Was an Initiate of Gozag.
             Slain by a goliath frog (12 damage)
             ... on level 2 of the Swamp on Sept 23, 2023.
             The game lasted 03:48:43 (30586 turns).

avis the Spry (Felid Shapeshifter)                 Turns: 30586, Time: 03:48:44

Health: -2/73      AC: -5    Str: 12    XL:     15   Next: 19%
Magic:  13/22      EV: 37    Int: 19    God:    Gozag
Gold:   2507       SH:  0    Dex: 20    Spells: 11/22 levels left
                                        Lives:  0   Deaths: 5

rFire   . .          .
                       - Unarmed
rCold   + . .        (shield unavailable)
rNeg    . . .        (body armour unavailable)
rPois   .            (helmet unavailable)
rElec   .            (cloak unavailable)
rCorr   .            (gloves unavailable)
SInv    +            (boots unavailable)
Will    ++...        g - amulet of regeneration
Stlth   ++++         e - +5 ring of evasion
HPRegen 1.12/turn    d - +6 ring of intelligence
MPRegen 0.18/turn

%: no passive effects
@: blade hands, corroded, quick
A: very small, (claws 1), fangs 3, see invisible, speed 1, shaggy fur 3,
(stealthy paws), no weapons or thrown items, no armour, multi-lived
a: Begin Untransformation, Renounce Religion, Potion Petition, Call Merchant,
Bribe Branch


You were on level 2 of the Swamp.
You worshipped Gozag.
Gozag was most pleased with you.
You had blades for front paws.
You visited 5 branches of the dungeon, and saw 20 of its levels.
You also visited: Bailey and Ice Cave.

You collected 7242 gold pieces.
You spent 2847 gold pieces at shops.
You paid 1888 gold pieces to Gozag.

Inventory:

Jewellery
 d - a +6 ring of intelligence (right blade hand)
 e - a +5 ring of evasion (left blade hand)
 g - an amulet of regeneration (around neck)
Talismans
 f - a flux talisman
 l - a blade talisman (active)
Wands
 q - a wand of iceblast (3)
 z - a wand of polymorph (2)
 A - a wand of light (1)
 J - a wand of paralysis (6)
Scrolls
 h - 6 scrolls of poison
 i - a scroll of amnesia
 n - 7 scrolls of teleportation
 t - 3 scrolls of revelation
 u - 5 scrolls of fog
 v - a scroll of blinking
 y - 5 scrolls of silence
 H - a scroll of fear
 I - a scroll of summoning
Potions
 a - 6 potions of lignification
 c - 2 potions of attraction
 j - 2 potions of magic
 k - a potion of experience
 m - a potion of might
 o - 3 potions of brilliance
 p - 4 potions of cancellation
 r - 2 potions of berserk rage
 s - a potion of invisibility
 w - a potion of curing
 x - 4 potions of enlightenment
 D - 3 potions of ambrosia
 E - 2 potions of resistance
 F - a potion of haste
Miscellaneous
 B - a lightning rod (4/4)


   Skills:
 - Level 13.0 Fighting
 - Level 17.0 Dodging
 - Level 7.0 Stealth
 - Level 11.0 Unarmed Combat
 - Level 4.0 Spellcasting
 + Level 11.6 Translocations
 - Level 4.0 Air Magic
 * Level 14.2 Shapeshifting


You had 11 spell levels left.
You knew the following spells:

 Your Spells              Type           Power      Damage    Failure   Level
a - Apportation           Tloc           96%        N/A       1%          1
b - Blink                 Tloc           96%        N/A       1%          2
m - Manifold Assault      Tloc           48%        N/A       1%          4
v - Vhi's Electric Charg  Tloc/Air       66%        N/A       5%          4

Your spell library contained the following spells:

 Spells                   Type           Power      Damage    Failure   Level
 Lesser Beckoning         Tloc           96%        N/A       1%          2
 Momentum Strike          Conj/Tloc      50%        3d9       1%          2
 Static Discharge         Conj/Air       22%        2-3/arc   9%          2
 Cigotuvi's Dreadful Rot  Necr/Pois/Air  16%        N/A       12%         2
 Magic Dart               Conj           12%        1d3       14%         1
 Necrotise                Necr           12%        1d4       14%         1
 Summon Small Mammal      Summ           12%        N/A       14%         1
 Dispersal                Tloc           24%        N/A       19%         6
 Airstrike                Air            9%         2d(2-18)  26%         4
 Ignite Poison            Fire/Tmut/Pois 3%         N/A       38%         3
 Vampiric Draining        Necr           3%         2d6       38%         3
 Summon Lightning Spire   Summ/Air       11%        N/A       52%         4
 Arcjolt                  Conj/Air       5%         1d15      86%         5
 Freezing Cloud           Conj/Ice/Air   4%         6-21      92%         5
 Agony                    Necr           3%         N/A       98%         5
 Plasma Beam              Fire/Air       5%         2x1d16    100%        6
 Haunt                    Necr/Summ      1%         N/A       100%        7
 Borgnjor's Revivificati  Necr           1%         N/A       100%        8
 Disjunction              Tloc           24%        N/A       100%        8
 Death's Door             Necr           1%         N/A       100%        9


Dungeon Overview and Level Annotations

Branches:
Dungeon (10/15)            Temple (1/1) D:6            Lair (5/5) D:8
  Swamp (2/4) Lair:2        Snake (0/4) Lair:3        Slime (0/5) Lair:4
    Orc (2/2) D:10            Elf (0/3) Orc:2        Bailey (visited)
  IceCv (visited)

Altars:
Ashenzari
Cheibriados
Dithmenos
Elyvilon
Fedhas
Gozag
Hepliaklqana
Kikubaaqudgha
Makhleb
Nemelex Xobeh
Okawaru
Qazlal
Ru
Sif Muna
Trog
Uskayaw
Vehumet
Wu Jian
Xom
Yredelemnul
Zin
The Shining One
Jiyva

Shops:
D:3 ?   Orc:1 !   Orc:2 ?*:[   Lair:1 :   Lair:5 **

Portals:
Pandemonium: Orc:2

Annotations:
D:3 2 transporters
D:6 3 runed translucent doors, Wurlitzer's ghost, novice FoHu
Lair:3 exclusion: boulder beetle
Swamp:2 Nikola


Innate Abilities, Weirdness & Mutations

You have blades for front paws.
((You have sharp claws.))
You have razor-sharp teeth.
You have supernaturally acute eyesight. (SInv)
You cover ground quickly. (Speed+)
Your thick and shaggy fur keeps you warm. (AC +3, rC+)
((Your paws help you pounce on unaware monsters.))
You are incapable of wielding weapons or throwing items.
You cannot wear armour.
You gain extra lives every three experience levels.


Message History

Nikola is heavily wounded.
Nikola closely misses you.
You barely miss Nikola.
Nikola is heavily wounded.
Nikola completely misses you.
You barely miss Nikola. Your slash misses Nikola.
Nikola is heavily wounded.
The bog body is no longer blind.
Nikola hits you with a +4 rapier of electrocution!!
You slice Nikola!!
Nikola is heavily wounded.
Nikola splashes around in the water.
You slash Nikola! You slash Nikola.
Nikola is severely wounded.
The goliath frog completely misses you.
You slash Nikola!
Nikola is severely wounded.
The goliath frog completely misses you.
Nikola hits you with a +4 rapier of electrocution!!
You hit Nikola but do no damage.
Nikola is severely wounded.
The goliath frog hits you from afar!
* * * LOW HITPOINT WARNING * * *
The acid corrodes you!
You are splashed with acid!
* * * LOW HITPOINT WARNING * * *
Nikola splashes around in the water.
You feel much better. The goliath frog hits you from afar!!
* * * LOW HITPOINT WARNING * * *
The acid corrodes you!
You are splashed with acid!
* * * LOW HITPOINT WARNING * * *
Nikola completely misses you. The goliath frog completely misses you.
You feel much better.
Nikola hits you with a +4 rapier of electrocution!
* * * LOW HITPOINT WARNING * * *
The goliath frog misses you.
You slash Nikola!
Nikola is severely wounded.
The goliath frog hits you from afar!
You die...
Your body crumbles into a pile of gold. ...~. ♣.... .... ~? ♣♣.~§ ~.. ♣♣..) ~~.♣ ~iF

~~..♣ ♣@♣
§~~..♣♣♣♣@♣ ♣♣♣♣♣
~~~...~♣..♣ ..~.♣♣
~~~.♣~~~..♣ ♣♣~.~.~♣
~~~~~.~.~~♣
♣~♣~♣..♣♣
.~.§♣.~.§.♣
♣♣§§...~.♣♣
~~~..~~~~.♣♣
♣♣..~~...~.♣
~~~~~~..~.~♣ ♣♣....♣
~~~~~~~♣♣.~♣♣♣~~.♣♣♣
.~~~~~. ♣(~~..~.♣♣


You could see Nikola, a spriggan druid and a goliath frog.

Vanquished Creatures
  An orc warlord (D:10)
  2 eleionomae (Swamp:1)
  A bunyip (Swamp:2)
  A dire elephant (Lair:5)
  Snorg (Orc:1)
  7 hydras
  Josephine (Orc:1)
  A demonspawn (Orc:2)
  A centaur warrior (D:7)
  A catoblepas (Lair:5)
  An alligator (Swamp:1)
  4 death yaks (Lair:5)
  3 two-headed ogres
  A deep troll shaman (Lair:5)
  9 orc high priests (Orc:2)
  A skyshark (Lair:5)
  5 goliath frogs
  A sixfirhy (Orc:2)
  A spriggan druid (Swamp:2)
  2 lindwurms (Lair:5)
  5 orc knights
  2 will-o-the-wisps
  5 orc sorcerers
  2 cyclopes
  A salamander (Lair:3)
  A black mamba (Lair:5)
  20 elephants
  A rust devil (Orc:2)
  A smoke demon (Orc:2)
  11 cane toads
  5 rime drakes
  11 komodo dragons
  2 ice devils
  6 polar bears (Lair:3)
  5 trolls
  3 tyrant leeches
  A hellwing (Orc:2)
  A bloated husk (Swamp:2)
  A hornet (D:9)
  18 blink frogs
  6 wyverns
  6 wraiths
  2 steam dragons (D:7)
  4 vampire mosquitoes (Swamp:2)
  45 yaks
  2 basilisks
  The ghost of Splishie the Prestidigitator, an amateur GnWn (D:3)
  7 swamp worms
  A warg (D:10)
  2 acid dragons
  16 water moccasins
  42 orc warriors
  5 sky beasts (D:7)
  12 black bears
  3 ice beasts (D:7)
  10 wolves
  6 ogres
  11 centaurs
  A phantom (D:6)
  4 kobold brigands
  13 bullfrogs
  4 scorpions
  9 wights (D:7)
  10 killer bees
  3 lava snakes (Lair:3)
  23 orc priests
  3 hounds
  4 jellies
  4 iguanas
  14 orc wizards
  Robin (D:2)
  4 gnolls
  6 adders
  3 shadow imps
  3 white imps
  6 ufetubi
  4 worms
  3 dart slugs
  108 orcs
  11 ball pythons
  3 bats
  4 endoplasms
  4 giant cockroaches
  18 goblins
  9 hobgoblins
  4 quokkas
  2 frilled lizards
  20 kobolds
  6 rats
639 creatures vanquished.

Vanquished Creatures (others)
  2 bloated husks
  An orc wizard (D:7)
  2 orcs (Bailey)
  A kobold (D:7)
  2 foxfires (Swamp:1)
8 creatures vanquished.

Grand Total: 647 creatures vanquished

Notes
Turn   | Place    | Note
-------+----------+-------------------------------------------
     0 | D:1      | avis the Felid Shapeshifter began the quest for the Orb.
     0 | D:1      | Reached XP level 1. HP: 9/9 MP: 2/2
   207 | D:1      | Reached XP level 2. HP: 13/13 MP: 3/3
   502 | D:1      | Reached skill level 3 in Dodging
  1209 | D:2      | Reached XP level 3. HP: 8/16 MP: 4/4
  1531 | D:2      | Reached skill level 4 in Dodging
  1532 | D:2      | Noticed Robin
  1544 | D:2      | Killed Robin
  1869 | D:2      | Reached skill level 5 in Dodging
  1869 | D:2      | Reached XP level 4. HP: 15/19 MP: 5/5
  1972 | D:3      | Found a transporter.
  1985 | D:3      | Found a transporter.
  2139 | D:3      | You fall into a shaft and drop 1 floor!
  2224 | D:4      | Reached XP level 5. HP: 17/22 MP: 6/6
  2455 | D:4      | Noticed a black bear
  2520 | D:3      | Reached skill level 5 in Shapeshifting
  2578 | D:3      | Found a runed translucent gate.
  2578 | D:3      | Found a runed translucent gate.
  2578 | D:3      | Found a runed translucent gate.
  2580 | D:3      | Found an opulent altar of Gozag.
  2583 | D:3      | Noticed Splishie's ghost (amateur GnWn)
  2886 | D:3      | Found an ancient bone altar of Kikubaaqudgha.
  2948 | D:3      | Found a faded altar of an unknown god.
  3071 | D:3      | Found Basharadai's Magic Scroll Shoppe.
  3230 | D:3      | Found a shimmering blue altar of Sif Muna.
  3232 | D:3      | Found a radiant altar of Vehumet.
  3237 | D:3      | Got a worn book
  3454 | D:3      | Became a worshipper of Gozag Ym Sagoz the Greedy
  3537 | D:3      | Bought a scroll of identify for 20 gold pieces
  3537 | D:3      | Bought a scroll of revelation for 75 gold pieces
  3537 | D:3      | Bought a scroll of fog for 40 gold pieces
  3537 | D:3      | Bought a scroll of blinking for 75 gold pieces
  3537 | D:3      | Bought a scroll of noise for 10 gold pieces
  3681 | D:4      | Killed a black bear
  3682 | D:4      | Gained mutation: You are covered in thick fur. (AC +2)
                  | [Felid growth]
  3682 | D:4      | Reached XP level 6. HP: 4/28 MP: 7/7
  4331 | D:5      | Entered Level 5 of the Dungeon
  4390 | D:5      | Noticed a water moccasin
  4401 | D:5      | Killed a water moccasin
  4402 | D:5      | Reached skill level 1 in Stealth
  4462 | D:5      | Reached skill level 6 in Dodging
  4462 | D:5      | Reached XP level 7. HP: 24/32 MP: 8/8
  4684 | D:5      | Reached skill level 7 in Dodging
  5107 | D:5      | Reached skill level 8 in Dodging
  5326 | D:6      | Found a sacrificial altar of Ru.
  5627 | D:6      | Learned a level 4 spell: Manifold Assault
  5867 | D:6      | Found a runed translucent gate.
  5867 | D:6      | Found a runed translucent gate.
  5867 | D:6      | Found a runed translucent gate.
  5869 | D:6      | Noticed Wurlitzer's ghost (novice FoHu)
  5889 | D:6      | Found a staircase to the Ecumenical Temple.
  5917 | Temple   | Entered the Ecumenical Temple
  6555 | D:6      | Reached XP level 8. HP: 35/36 MP: 9/9
  6822 | D:7      | Reached skill level 5 in Unarmed Combat
  6896 | D:7      | Reached skill level 5 in Fighting
  6907 | D:7      | Found a flagged portal.
  6949 | Bailey   | Entered a bailey
  7172 | Bailey   | HP: 1/37 [orc/+0 spear (4)]
  7643 | Bailey   | Slain by an orc
  7684 | Bailey   | Reached XP level 9. HP: 24/41 MP: 10/10
  7858 | Bailey   | Reached skill level 9 in Dodging
  8206 | Bailey   | Reached skill level 10 in Dodging
  8206 | Bailey   | Reached skill level 1 in Translocations
  8377 | Bailey   | Reached skill level 1 in Spellcasting
  8590 | Bailey   | Hit by a javelin thrown by a centaur
  9502 | D:7      | Reached XP level 10. HP: 47/47 MP: 12/12
  9722 | D:7      | Noticed a centaur warrior
  9845 | D:7      | Noticed a cyclops
 10003 | D:7      | Killed a centaur warrior
 10004 | D:7      | Reached skill level 11 in Dodging
 10013 | D:7      | Killed a cyclops
 10065 | D:7      | Reached skill level 12 in Dodging
 10556 | D:3      | Killed Splishie's ghost
 10557 | D:3      | Reached skill level 10 in Shapeshifting
 11247 | D:8      | Found a staircase to the Lair.
 11340 | D:8      | Found a glowing silver altar of Zin.
 11342 | D:8      | Found a snail-covered altar of Cheibriados.
 11798 | D:8      | Reached XP level 11. HP: 50/53 MP: 13/13
 12093 | Lair:1   | Entered Level 1 of the Lair of Beasts
 12187 | Lair:1   | Reached skill level 10 in Fighting
 13264 | Lair:2   | Found a broken altar of Ashenzari.
 13757 | Lair:2   | Noticed an eight-headed hydra
 13766 | Lair:2   | Killed an eight-headed hydra
 13862 | Lair:2   | Noticed a four-headed hydra
 13872 | Lair:2   | Killed a four-headed hydra
 13873 | Lair:2   | Gained mutation: Your thick and shaggy fur keeps you warm.
                  | (AC +3, rC+) [Felid growth]
 13873 | Lair:2   | Reached XP level 12. HP: 54/60 MP: 14/14
 14167 | Lair:2   | Found a staircase to the Swamp.
 14436 | Lair:3   | Reached skill level 10 in Unarmed Combat
 14575 | Lair:3   | Learned a level 4 spell: Vhi's Electric Charge
 14597 | Lair:3   | Noticed a four-headed hydra
 14618 | Lair:3   | Killed a four-headed hydra
 14619 | Lair:3   | Reached skill level 5 in Stealth
 14628 | Lair:3   | Reached skill level 13 in Dodging
 14849 | Lair:2   | Reached skill level 14 in Dodging
 14897 | Lair:3   | Found a frozen archway.
 14913 | Lair:3   | Reached skill level 15 in Dodging
 14957 | Lair:3   | Found a staircase to the Snake Pit.
 15009 | IceCv    | Entered an ice cave
 15316 | Lair:3   | Reached skill level 5 in Translocations
 15430 | Lair:3   | Noticed a boulder beetle
 15823 | Lair:3   | Reached skill level 1 in Air Magic
 16013 | Lair:3   | Reached XP level 13. HP: 33/63 MP: 17/17
 16505 | Lair:4   | Found a viscous altar of Jiyva.
 16505 | Lair:4   | Found a staircase to the Slime Pits.
 18008 | D:10     | Entered Level 10 of the Dungeon
 18928 | D:10     | Found a hazy altar of Hepliaklqana.
 19180 | D:10     | Found a staircase to the Orcish Mines.
 19737 | Lair:1   | Bought an Inescapable Atlas for 224 gold pieces
 19740 | Lair:1   | Learned a level 2 spell: Blink
 19747 | Lair:1   | Bought a Necronomicon for 756 gold pieces
 19848 | Lair:5   | Entered Level 5 of the Lair of Beasts
 20090 | Lair:5   | HP: 2/63 [lindwurm (9)]
 20093 | Lair:5   | Killed from afar by a lindwurm
 21566 | Lair:5   | Reached skill level 16 in Dodging
 21714 | Lair:5   | Reached XP level 14. HP: 69/69 MP: 18/18
 21731 | Lair:5   | HP: 3/69 [death yak (27)]
 22645 | Orc:1    | Entered Level 1 of the Orcish Mines
 22647 | Orc:1    | Noticed an orc warlord
 22795 | D:10     | Learned a level 1 spell: Apportation
 22808 | D:10     | HP: 3/69 [orc warlord/+0 battleaxe (22)]
 22922 | D:10     | Killed an orc warlord
 23449 | Orc:1    | Reached skill level 10 in Translocations
 23495 | Orc:1    | Found Onotsuv's Distillery.
 23498 | Orc:1    | Noticed Snorg
 23517 | Orc:1    | Killed Snorg
 23931 | Orc:2    | Entered Level 2 of the Orcish Mines
 24434 | Orc:1    | Noticed Josephine
 24455 | Orc:1    | Killed Josephine
 24460 | Orc:1    | Slain by a wraith
 25171 | Orc:2    | Found a staircase to the Elven Halls.
 26084 | Orc:2    | Found Cionimuv's General Store.
 26233 | Orc:2    | Found Opechozi's Magic Scroll Shop.
 26600 | Orc:2    | Mangled by a sixfirhy
 26810 | Orc:2    | Bought a blade talisman for 600 gold pieces
 26810 | Orc:2    | Bought a potion of haste for 150 gold pieces
 26810 | Orc:2    | Bought a potion of heal wounds for 75 gold pieces
 26810 | Orc:2    | Bought a scroll of teleportation for 45 gold pieces
 26810 | Orc:2    | Bought a potion of ambrosia for 120 gold pieces
 26810 | Orc:2    | Bought a potion of magic for 120 gold pieces
 28026 | Orc:2    | Reached skill level 17 in Dodging
 28185 | Orc:2    | Found Dalystil's Antique Armour Emporium.
 28185 | Orc:2    | Found Usaomav's Book Shoppe.
 28190 | Orc:2    | Found a one-way gate leading to the halls of Pandemonium.
 28504 | Lair:5   | Bought a potion of heal wounds for 60 gold pieces
 28504 | Lair:5   | Bought a scroll of fear for 48 gold pieces
 28504 | Lair:5   | Bought a scroll of silence for 114 gold pieces
 28504 | Lair:5   | Bought a scroll of summoning for 114 gold pieces
 28504 | Lair:5   | Bought a wand of paralysis (7) for 201 gold pieces
 28674 | Swamp:1  | Entered Level 1 of the Swamp
 29237 | Swamp:1  | Reached XP level 15. HP: 28/73 MP: 22/22
 29492 | Swamp:1  | Upgraded the game from 0.31-a0-810-ga77100ea1a to
                  | 0.31-a0-818-ge7c7cf74f0
 30088 | Swamp:2  | Noticed Nikola
 30584 | Swamp:2  | HP: 3/73 [acid (7)]
 30586 | Swamp:2  | Slain by a goliath frog

Illustrated notes

Levels and vault maps discovered:
D:1:      onia_arrival_mini_spirals, layout_basic, nrook_loot_triangle,
          serial_park_tiny_1
D:2:      layout_basic, uniq_robin
D:3:      gammafunk_steamed_eel, layout_basic,
          grunt_temple_overflow_magic_moments, serial_shops,
          nicolae_shop_rolled_up, shapermc_ecumenical_altar_mp_highgroup,
          ebering_ghost_gozag, minmay_circle_x
D:4:      layout_basic, grunt_decor_clamped
D:5:      layout_loops_ring
D:6:      layout_basic, mainiacjoe_overflow_alcove_2,
          minmay_temple_entry_proselytizer, ebering_ghost_rock_garden
D:7:      nzn_winding_woodlands_medium [nzn_winding_woodlands_5x5_perimeter,
          nzn_winding_woodlands_5x15_default,
          nzn_winding_woodlands_5x5_checkerboard,
          nzn_winding_woodlands_5x5_cross,
          nzn_winding_woodlands_center_pierced_h,
          nzn_winding_woodlands_5x5_three, nzn_winding_woodlands_5x5_default,
          nzn_winding_woodlands_5x15_zeroes, nzn_winding_woodlands_hourglass],
          layout_loops_ring, enter_bailey_3, minmay_misc_feat_doors
D:8:      layout_basic, mainiacjoe_overflow_catch_the_wave, lair_entry_dummy
D:9:      layout_basic
D:10:     layout_cave_pools, mainiacjoe_overflow_24_doors, david_orc_5
Temple:   eino_wide_crystal_templ
Lair:1:   layout_chaotic_city, beast_lair_carwin_3, lemuel_fruit_tree,
          grunt_megastairs_1
Lair:2:   layout_regular_city, palyth_hydra_swamp_entry, basic_altar
Lair:3:   beast_lair_carwin_large_3, layout_regular_city,
          nicolae_snake_entry_warm_welcome, portal_ice_cave_rime, serial_forest,
          infiniplex_forest_clump_cross, infiniplex_forest_corner_1,
          infiniplex_forest_clump_large, infiniplex_forest_lined_room_2,
          infiniplex_forest_fountain, infiniplex_forest_lined_3,
          infiniplex_forest_lined_corner
Lair:4:   layout_hall_layers, dpeg_slime_entry_enclosed, serial_bayou_pond_c,
          eino_small_chamber_without_monster, grunt_megastairs_3,
          infiniplex_staircase_pool_2
Lair:5:   grunt_lair_end_beastmaster, layout_hall_layers, nicolae_lair_lindhole
Swamp:1:  layout_basic_swamp, hangedman_swamp_diagram, swamp_pool1
Swamp:2:  layout_falls_marsh, nicolae_swamp_treefoil, uniq_nikola
Orc:1:    layout_caves, serial_shops, nicolae_shop_gibbet_a_chance, uniq_snorg,
          uniq_josephine
Orc:2:    pf_orc_diabolical, layout_diamond_mine, basic_altar

Skill      XL: |  1  2  3  4  5  6  7  8  9 10 11 12 13 14 15 |
---------------+----------------------------------------------+-----
Fighting       | 2 3 4 6 7 9 11 12 13 | 13.0
Dodging        | 3 5 6 8 10 12 15 16 17 | 17.0
Shapeshifting  | 4 5 6 7 9 10 11 12 13 14 | 14.2
Stealth        | 1 2 3 4 6 7 |  7.0
Unarmed Combat | 6 8 10 11 | 11.0
Translocations | 1 2 4 6 8 10 11 | 11.6
Spellcasting   | 1 2 4 |  4.0
Air Magic      | 2 4 |  4.0

Action                     |  1- 3 |  4- 6 |  7- 9 | 10-12 | 13-15 || total
---------------------------+-------+-------+-------+-------+-------++-------
  Melee: Unarmed           |   106 |   116 |   384 |   844 |  1354 ||  2804
         Punch             |     3 |     3 |     4 |       |    24 ||    34
         Bite              |     5 |     9 |    56 |   154 |   177 ||   401
   Cast: Manifold Assault  |       |       |       |     5 |   271 ||   276
         Vhi's Electric Ch |       |       |       |       |    43 ||    43
         Blink             |       |       |       |       |     4 ||     4
 Invoke: Call Merchant     |       |       |       |       |     3 ||     3
  Evoke: Wand              |       |     7 |    11 |    18 |     4 ||    40
         Lightning rod     |       |       |       |       |     4 ||     4
    Use: Scroll            |       |     4 |     8 |     7 |     8 ||    27
         Potion            |       |       |     4 |     1 |     6 ||    11
   Stab: Sleeping          |     1 |     2 |     3 |       |       ||     6
         Paralysed         |       |       |     3 |     2 |       ||     5
         Distracted        |       |       |     1 |     5 |    10 ||    16
         Petrified         |       |       |       |       |     9 ||     9
         Petrifying        |       |       |       |       |     2 ||     2
         Invisible         |       |       |       |       |     1 ||     1
 Armour: Skin              |    18 |    23 |   116 |   158 |   243 ||   558
  Dodge: Dodged            |    64 |   113 |   529 |   873 |  1087 ||  2666
   Form: Flux              |       |       |     2 |       |       ||     2
         Beast             |       |       |     1 |       |       ||     1
         Blade             |       |       |       |       |     1 ||     1

Table legend: (Time is in decaauts)
 A = Elapsed time spent in this place.
 B = Non-inter-level travel time spent in this place.
 C = Inter-level travel time spent in this place.
 D = Time resting spent in this place.
 E = Time spent auto-exploring this place.
 F = Levels seen in this place.
 G = Mean time per level.
                   A        B        C        D        E       F      G
               +--------+--------+--------+--------+--------+-----+--------+
         Total |  26784 |  24357 |   2427 |   7280 |   7498 |  22 | 1217.5 |
       Dungeon |  11615 |  10186 |   1429 |   2257 |   4593 |  10 | 1161.5 |
        Temple |     67 |     65 |      2 |     39 |      0 |   1 |   67.0 |
          Lair |   6810 |   5987 |    823 |   1380 |   2209 |   5 | 1362.0 |
         Swamp |   1843 |   1827 |     16 |   1085 |    252 |   2 |  921.5 |
  Orcish Mines |   4487 |   4331 |    156 |   2007 |    443 |   2 | 2243.5 |
        Bailey |   1938 |   1938 |      0 |    510 |      0 |   1 | 1938.0 |
      Ice Cave |     22 |     22 |      0 |      0 |      0 |   1 |   22.0 |
               +--------+--------+--------+--------+--------+-----+--------+

Top non-repeatable levels by time:
   Orc:2: 2820 daAuts
  Lair:5: 2286 daAuts
  Bailey: 1938 daAuts
  Lair:3: 1780 daAuts
   Orc:1: 1666 daAuts
    D:10: 1585 daAuts
     D:9: 1473 daAuts
     D:7: 1460 daAuts
     D:6: 1234 daAuts
     D:3: 1228 daAuts
 Swamp:1: 1142 daAuts
     D:8: 1106 daAuts
  Lair:1: 1069 daAuts
  Lair:2: 1005 daAuts
     D:4: 918 daAuts
